 Dungeon Crawl Stone Soup version 0.27-a0-380-g150de4c316 (webtiles) character file.

Game seed: 13941056349429334252

25 hellse the Digger (level 3, -6/19 HPs)
             Began as a Gargoyle Earth Elementalist on Feb 17, 2021.
             Killed from afar by Sigmund (8 damage)
             ... with a puff of flame
             ... on level 2 of the Dungeon.
             The game lasted 00:01:33 (1264 turns).

hellse the Digger (Gargoyle Earth Elementalist)     Turns: 1264, Time: 00:01:34

Health: -6/19      AC:  5    Str: 11    XL:     3   Next: 6%
Magic:  1/6        EV: 12    Int: 16    God:
Gold:   56         SH:  0    Dex: 10    Spells: 2/6 levels left

rFire    . . .     SeeInvis .   e - +0 dagger (speed)
rCold    . . .     Faith    .   (no shield)
rNeg     + . .     Spirit   .   c - +0 robe
rPois    ∞         Reflect  .   (no helmet)
rElec    +         Harm     .   (no cloak)
rCorr    .         Rampage  .   (no gloves)
Will     .....                  (no boots)
Stlth    ++........             (no amulet)
HPRegen  0.06/turn              (no ring)
MPRegen  0.10/turn              (no ring)

@: no status effects
A: negative energy resistance 1, electricity resistance, unbreathing,
petrification resistance, miasma immunity, AC +3
a: no special abilities


You were on level 2 of the Dungeon.
You visited 1 branch of the dungeon, and saw 2 of its levels.

You collected 56 gold pieces.

Inventory:

Hand Weapons
 e - a +0 dagger of speed (weapon)
Missiles
 b - 98 stones
Armour
 c - a +0 robe (worn)
Scrolls
 d - 2 scrolls of identify {unknown}
Potions
 a - 4 potions of attraction {unknown}
 f - a potion of degeneration {unknown}
 g - a potion of heal wounds
 h - 2 potions of resistance {unknown}


   Skills:
 - Level 1.5 Dodging
 - Level 2.1 Stealth
 - Level 2.0 Spellcasting
 - Level 0.7 Transmutations
 + Level 5.0 Earth Magic


You had 2 spell levels left.
You knew the following spells:

 Your Spells              Type           Power        Failure   Level
a - Sandblast             Erth           34%          2%          1
b - Stone Arrow           Conj/Erth      18%          22%         3

Your spell library contained the following spells:

 Spells                   Type           Power        Failure   Level
 Passwall                 Tmut/Erth      8%           10%         2
 Petrify                  Tmut/Erth      10%          54%         4
 Lee's Rapid Deconstruct  Erth           8%           58%         5


Dungeon Overview and Level Annotations

Branches:
Dungeon (2/15)

Altars:

Annotations:
D:2 Sigmund


Innate Abilities, Weirdness & Mutations

You are resistant to torment.
Your stone body is resilient. (AC +3)
You are immune to poison.
You resist negative energy. (rN+)
You are resistant to electric shocks. (rElec)
You can survive without breathing.
You are immune to petrification.
You are immune to miasma.


Message History

Aiming: Sandblast (safe; 2% risk of failure)
Press: ? - help, Shift-Dir - straight line, f/p - Sigmund
Aim: Sigmund, wielding a +0 scythe and wearing a +0 robe (heavily wounded, 23% to evade)
The blast of sand misses Sigmund.
Sigmund says, "Look into my eyes."
Sigmund misses you.
Casting: Sandblast (safe; 2% risk of failure)
Confirm with . or Enter, or press ? or * to list all spells.
Aiming: Sandblast (safe; 2% risk of failure)
Press: ? - help, Shift-Dir - straight line, f/p - Sigmund
Aim: Sigmund, wielding a +0 scythe and wearing a +0 robe (heavily wounded, 23% to evade)
The blast of sand hits Sigmund but does no damage.
Sigmund is heavily wounded.
Casting: Sandblast (safe; 2% risk of failure)
Confirm with . or Enter, or press ? or * to list all spells.
Aiming: Sandblast (safe; 2% risk of failure)
Press: ? - help, Shift-Dir - straight line, f/p - Sigmund
Aim: Sigmund, wielding a +0 scythe and wearing a +0 robe (heavily wounded, 23% to evade)
The blast of sand hits Sigmund!
Sigmund is almost dead.
Sigmund hits you from afar with a +0 scythe!
Sigmund drinks a potion.
Sigmund is healed!
Sigmund gestures at you while chanting. The magic dart hits you.
You see here a falchion.
Casting: Sandblast (safe; 2% risk of failure)
Confirm with . or Enter, or press ? or * to list all spells.
Aiming: Sandblast (safe; 2% risk of failure)
Press: ? - help, Shift-Dir - straight line, f/p - Sigmund
Aim: Sigmund, wielding a +0 scythe and wearing a +0 robe (moderately wounded, 23% to evade)
The blast of sand hits Sigmund.
Sigmund is moderately wounded.
Sigmund barely misses you. Sigmund casts a spell at you.
The magic dart hits you.
* * * LOW HITPOINT WARNING * * *
Sigmund screams, "Die, monster!"
Sigmund casts a spell at you. The puff of flame hits you!
You die...

#########.
#.........
#.########
##.########
########...@.....#
.$....)..>#.####@#
########...## #.#
##.######.#
...#......#
#####.###### #.#
#.# #.#
##########.#######


You could see Sigmund.

Vanquished Creatures
  A dart slug (D:1)
  3 giant cockroaches (D:1)
  7 goblins (D:1)
  A hobgoblin (D:1)
  4 kobolds (D:1)
  2 bats (D:1)
  4 rats (D:1)
22 creatures vanquished.

Notes
Turn   | Place    | Note
-------+----------+-------------------------------------------
     0 | D:1      | hellse the Gargoyle Earth Elementalist began the quest for
                  | the Orb.
     0 | D:1      | Reached XP level 1. HP: 10/10 MP: 3/3
   251 | D:1      | Reached skill level 4 in Earth Magic
   267 | D:1      | Reached XP level 2. HP: 7/15 MP: 1/5
   905 | D:1      | Reached XP level 3. HP: 18/19 MP: 6/6
   906 | D:1      | Reached skill level 5 in Earth Magic
   910 | D:1      | Learned a level 3 spell: Stone Arrow
  1241 | D:2      | Noticed Sigmund
  1264 | D:2      | Killed from afar by Sigmund

Illustrated notes

Levels and vault maps discovered:
D:1:      wander_arrival_fairy_ring, layout_loops_ring, minmay_misc_feat_x,
          supply_closet_lemuel
D:2:      layout_loops_ring, grunt_temple_overflow_open, bloody_trog,
          skrybe_limestone_x, uniq_sigmund, uniq_jessica

Skill      XL: |  1  2  3 |
---------------+----------+-----
Earth Magic    | 4 5 |  5.0
Dodging        | |  1.5
Stealth        | |  2.1
Spellcasting   | |  2.0
Transmutations | |  0.7

Action                   || total
-------------------------++-------
Melee: Unarmed           ||    50
       Dagger            ||    44
 Cast: Sandblast         ||    12
 Stab: Distracted        ||     1
Armor: Robe              ||    31
Dodge: Dodged            ||    51

Table legend: (Time is in decaauts)
 A = Elapsed time spent in this place.
 B = Non-inter-level travel time spent in this place.
 C = Inter-level travel time spent in this place.
 D = Time resting spent in this place.
 E = Time spent auto-exploring this place.
 F = Levels seen in this place.
 G = Mean time per level.
                   A        B        C        D        E       F      G
               +--------+--------+--------+--------+--------+-----+--------+
         Total |   1249 |   1208 |     41 |    288 |    735 |   2 |  624.5 |
       Dungeon |   1249 |   1208 |     41 |    288 |    735 |   2 |  624.5 |
               +--------+--------+--------+--------+--------+-----+--------+

Top non-repeatable levels by time:
     D:1: 1188 daAuts
     D:2: 60 daAuts
